Unix NetHack Version 5.0.0-0 post-release - last build Jun 10 2026 00:39:30 (3ee93aec679c4c4259841fe613dc97188e26a321,branch:main).

Game began 2026-07-05 13:06:56, ended 2026-07-05 13:43:25.

HomunculusP, chaotic male orcish Rogue

                                      --------------     -----
                 ---------           #.............|     |....##
                 |.......|           #|.............###  |...| #
    ---------   #........|          ##|............|  `##|(<.| ###  -------
    |!!!!!!.|   #|.......|          # |.....{......|    #---|-   #  |.....|
    |!!!!!!.|   #|..`....|        ### |............|    # # #    ###|.....|
    |!!!!!!.|  ##------:--        #   -|------------    ########## #......|
    |!!!!!!.|###       @e        ##                      ###        |.....|
    |!!!!!!.|#          #       ##                       #          |.....|
    |!!!!!!.-#          d      ##                     ####          -------
    ---------           #    ###               -------|------
                      --.--- #                 |............|
                      |....| #                 |............|
                      |....|##                 |............|
                      |>...-#                  |............|
                      ------                   |............|
                                               --------------

HomunculusP the Cutpurse  St:17 Dx:18 Co:17 In:11 Wi:10 Ch:7  Chaotic
Dlvl:3  $:85 HP:0(33) Pw:16(16) AC:1  Xp:4 T:2169  Satiated

Latest messages:
 The jackal misses!
 You hit the jackal.
 Your hands stop glowing red.
 The jackal appears confused.
 The jackal misses the jackal.
 You kill the jackal!
 You kill the jackal!
 You see here a jackal corpse.
 You see here a jackal corpse.
 There is a jackal corpse here; eat it? [ynq] (n) y
 This jackal corpse tastes terrible!
 You finish eating the jackal corpse.
 You hit the floating eye.
 You are frozen by the floating eye's gaze!
 You hear someone counting gold coins.
 The iguana bites!
 The iguana bites!
 The iguana bites!
 The iguana bites!
 The iguana bites!
 The iguana bites!
 The giant rat bites!
 The iguana bites!
 The giant rat misses!
 The giant rat just misses!
 The giant rat misses!
 The iguana bites!
 The giant rat bites!
 The little dog misses the giant rat.
 The giant rat bites!
 The little dog misses the giant rat.
 The little dog misses the giant rat.
 The little dog misses the giant rat.
 The iguana bites!
 The giant rat bites!
 The little dog bites the giant rat.
 The giant rat misses the little dog.
 The little dog misses the giant rat.
 The giant rat bites!
 The little dog bites the giant rat.
 The giant rat is killed!
 The iguana bites!
 The iguana bites!
 The iguana bites!
 You die...
 Do you want your possessions identified? [ynq] (y) y
 Do you want to see your attributes? [ynq] (y) y
 Do you want an account of creatures vanquished? [ynaq] (y) n
 Do you want to see your conduct and achievements? [ynq] (y) y
 Do you want to see the dungeon overview? [ynq] (y) y

Inventory:
 Coins    ('$')
  $ - 85 gold pieces
 Weapons  (')')
  K - 14 +0 darts
  b - 7 +0 orcish daggers (alternate weapons; not wielded)
  M - a +0 aklys
  a - a +0 orcish short sword (weapon in right hand)
 Armor    ('[')
  p - an uncursed +0 orcish helm (being worn)
  o - a blessed +1 pair of water walking boots (being worn)
  r - a cursed -1 plate mail (being worn)
 Comestibles  ('%')
  v - an uncursed partly eaten food ration
  h - 2 uncursed tripe rations
 Spellbooks  ('+')
  z - a blessed spellbook of healing
  j - an uncursed spellbook of light
  B - an uncursed spellbook of sleep
 Potions  ('!')
  L - an uncursed potion of healing
  A - a cursed potion of healing
 Tools    ('(')
  e - an uncursed lock pick
  q - an uncursed tin opener
  J - an uncursed towel

HomunculusP the Rogue's attributes:

Background:
 You were a Cutpurse, a level 4 male orcish Rogue.
 You were chaotic, nominally on a mission for Kos
 who was opposed by Issek (lawful) and Mog (neutral).
 You were right-handed.
 You were in the Dungeons of Doom, on level 3.
 You entered the dungeon 2169 turns ago.
 You had 104 experience points, 56 more were needed to attain level 5.

Basics:
 You had 0 out of 33 hit points.
 You had all 16 energy points (spell power).
 Your armor class was 1.
 Your wallet contained 85 zorkmids.
 Autopickup was off.

Final Characteristics:
 Your strength was 17 (limit:18/50).
 Your dexterity was 18 (limit:18).
 Your constitution was 17 (peak:18, limit:18).
 Your intelligence was 11 (peak:12, limit:16).
 Your wisdom was 10 (limit:16).
 Your charisma was 7 (limit:16).

Final Status:
 You were satiated.
 You were unencumbered.
 You were wielding a short sword.
 You had basic skill with short sword.

Final Attributes:
 You were piously aligned.
 You were poison resistant.
 You had infravision.
 You were stealthy.
 You could walk on water.
 You were guarded.
 Your spell casting was impaired by metallic armor.
 You are dead.

Miscellaneous:
 You didn't encounter any bones levels.
 Total elapsed playing time was 36 minutes and 28 seconds.

Major events:
 Turn
    1: HomunculusP the chaotic male orcish Rogue entered the dungeon
  872: attained the rank of Cutpurse (level 3)
 2169: killed by an iguana, while frozen by a floating eye's gaze

Spells:
 Name                 Level Category     Fail Retention
 light                  1   divination   100%  76%-100%
 sleep                  3   enchantment  100%  76%-100%
 healing                1   healing      100%  76%-100%

Skills:
 Fighting Skills
   bare handed combat [Unskilled]
   two weapon combat  [Unskilled]
   riding             [Unskilled]
 Weapon Skills
   dagger             [Basic]
   knife              [Unskilled]
   short sword        [Basic]
   broadsword         [Unskilled]
   long sword         [Unskilled]
   two-handed sword   [Unskilled]
   saber              [Unskilled]
   club               [Unskilled]
   mace               [Unskilled]
   morning star       [Unskilled]
   flail              [Unskilled]
   hammer             [Unskilled]
   polearms           [Unskilled]
   spear              [Unskilled]
   crossbow           [Unskilled]
   dart               [Unskilled]
   shuriken           [Unskilled]
 Spellcasting Skills
   divination spells  [Unskilled]
   escape spells      [Unskilled]
   matter spells      [Unskilled]

Voluntary challenges:
 Character rerolling was not enabled.
 You were an atheist.
 You never genocided any monsters.
 You never polymorphed an object.
 You never changed form.
 You used no wishes.
Achievements:
 You entered a shop.
 You attained the rank of Cutpurse.

 The Dungeons of Doom: levels 1 to 3
    Level 1:
    Level 2:
       A general store, many fountains.
    Level 3: <- You were here.
       A potion shop, a sink.
       Final resting place for
          you, killed by an iguana, while frozen by a floating eye's gaze.


Vanquished creatures:
 an iguana
 an acid blob
  2 gas spores
  a giant rat
  a brown mold
  a red mold
  a gnome
  2 garter snakes
  a gnome zombie
  a gecko
  5 jackals
  a fox
  6 kobolds
  2 goblins
  2 sewer rats
  4 grid bugs
  5 lichens
  8 newts
45 creatures vanquished.

No species were genocided or became extinct.

Game over:
                       ----------
                      /          \
                     /    REST    \
                    /      IN      \
                   /     PEACE      \
                  /                  \
                  |   HomunculusP    |
                  |      85 Au       |
                  |   killed by an   |
                  |      iguana      |
                  |                  |
                  |                  |
                  |       2026       |
                 *|     *  *  *      | *
        _________)/\\_//(\/(/\)/\//\/|_)_______

Goodbye HomunculusP the Rogue...

You died in The Dungeons of Doom on dungeon level 3 with 633 points,
and 85 pieces of gold, after 2169 moves.
You were level 4 with a maximum of 33 hit points when you died.

